[ PARTIDA AOE2 · #476685157 ]
Team RMCeltas vs Khmer
[ ANÁLISIS DE REPETICIÓN · EXTRAÍDO DE LA PARTIDA GRABADA ]
Feudal
11:07
Castillos
16:14
Imperial
30:01
| APM promedio | 33.7 |
| APM pico | 111 |
| eAPM promedio | 25.8 |
| Aldeanos / militares | 122 / 336 |
Foco
⚔️ 42.0% · 🌾 58.0%
Spearman ×287 · Mangonel ×37 · Fishing Ship ×7 · Battering Ram ×5 · Trebuchet (Packed) ×3 · Monk ×2
Feudal
12:41
Castillos
17:41
Imperial
37:07
| APM promedio | 17.9 |
| APM pico | 45 |
| eAPM promedio | 10.2 |
| Aldeanos / militares | 115 / 120 |
Foco
⚔️ 22.9% · 🌾 77.1%
Archer ×70 · Longbowman ×41 · Mangonel ×4 · Trebuchet (Packed) ×4 · Fishing Ship ×3 · Monk ×1
Feudal
11:30
Castillos
18:39
Imperial
30:15
| APM promedio | 47.4 |
| APM pico | 96 |
| eAPM promedio | 27.4 |
| Aldeanos / militares | 148 / 282 |
Foco
⚔️ 20.9% · 🌾 79.1%
Spearman ×241 · Knight ×34 · Fishing Ship ×7 · Bombard Cannon ×6 · Monk ×1
Feudal
13:23
Castillos
17:35
Imperial
30:25
| APM promedio | 31.9 |
| APM pico | 135 |
| eAPM promedio | 20.6 |
| Aldeanos / militares | 120 / 46 |
Foco
⚔️ 21.3% · 🌾 78.7%
Ballista Elephant ×26 · Scorpion ×18 · Fishing Ship ×4 · Trade Cart ×3 · Mangonel ×2
Feudal
12:47
Castillos
17:34
Imperial
35:19
| APM promedio | 22.6 |
| APM pico | 48 |
| eAPM promedio | 15.1 |
| Aldeanos / militares | 156 / 232 |
Foco
⚔️ 27.6% · 🌾 72.4%
Hand Cannoneer ×87 · Organ Gun ×68 · Skirmisher ×65 · Petard ×7 · Trebuchet (Packed) ×3 · Bombard Cannon ×2
Feudal
16:10
Castillos
24:44
Imperial
34:58
| APM promedio | 19.8 |
| APM pico | 56 |
| eAPM promedio | 12.6 |
| Aldeanos / militares | 120 / 72 |
Foco
⚔️ 25.4% · 🌾 74.6%
Knight ×65 · Fishing Ship ×7 · Mangonel ×5 · Monk ×2
Feudal
9:32
Castillos
15:08
Imperial
30:53
| APM promedio | 25.1 |
| APM pico | 62 |
| eAPM promedio | 14.8 |
| Aldeanos / militares | 114 / 187 |
Foco
⚔️ 28.6% · 🌾 71.4%
Mangudai ×90 · Scout Cavalry ×89 · Fishing Ship ×22 · Trade Cart ×22 · Mangonel ×5 · Trebuchet (Packed) ×3
Feudal
22:43
Castillos
28:12
Imperial
45:33
| APM promedio | 17.9 |
| APM pico | 38 |
| eAPM promedio | 10.5 |
| Aldeanos / militares | 134 / 28 |
Foco
⚔️ 17.9% · 🌾 82.1%
Skirmisher ×16 · Conquistador ×12
Mapa de la partida
Recursos iniciales + cada clic de construcción. Líneas = muros · curvas = relieve. ◆ oro · ⬟ piedra · ● bayas · ✦ reliquia · ◌ hueco del cierre
Tu base· ✓ Cerrada en 16:14 · 0t muro · frágil
Base de Escanor· ✓ Cerrada en 17:41 · 0t muro · frágil
Base de bicente· ✓ Cerrada en 18:39 · 33t muro · frágil
Base de R.I.P· ✓ Cerrada en 17:35 · 29t muro · frágil
Base de Tuxilion· ✓ Cerrada en 17:34 · 19t muro · frágil
Base de heymaralejandro30· ✓ Cerrada en 24:44 · 18t muro · frágil
Base de 一艘不靠岸的船· ✓ Cerrada en 15:08 · 0t muro · frágil
Base de gabo2584· ✓ Cerrada en 28:12 · 12t muro · frágil
Terreno inicial suavizado · ◌ = hueco del cierre detectado · pasá el cursor para detalles
Inputs por minuto
— Apócrifo - - Escanor
Build order — Apócrifo
Primeras 150 de 650 acciones detectadas
| 0:00 | Crear | Villager (Male) |
| 0:01 | Crear | Villager (Male) |
| 0:01 | Crear | Villager (Male) |
| 0:03 | Construir | House |
| 0:04 | Construir | House |
| 0:12 | Crear | Villager (Male) |
| 0:13 | Crear | Villager (Male) |
| 1:40 | Crear | Villager (Male) |
| 1:40 | Crear | Villager (Male) |
| 1:44 | Construir | Lumber Camp |
| 2:06 | Crear | Villager (Male) |
| 2:06 | Crear | Villager (Male) |
| 2:06 | Crear | Villager (Male) |
| 2:18 | Crear | Villager (Male) |
| 3:07 | Crear | Villager (Male) |
| 3:26 | Crear | Villager (Male) |
| 3:37 | Construir | Mill |
| 3:43 | Crear | Villager (Male) |
| 3:43 | Crear | Villager (Male) |
| 3:56 | Construir | House |
| 4:25 | Crear | Villager (Male) |
| 4:57 | Crear | Villager (Male) |
| 5:33 | Crear | Villager (Male) |
| 5:33 | Crear | Villager (Male) |
| 5:33 | Crear | Villager (Male) |
| 6:00 | Construir | House |
| 6:23 | Crear | Villager (Male) |
| 6:46 | Crear | Villager (Male) |
| 7:17 | Crear | Villager (Male) |
| 7:21 | Crear | Villager (Male) |
| 7:46 | Construir | Dock |
| 7:52 | Crear | Villager (Male) |
| 8:29 | Crear | Villager (Male) |
| 8:43 | Crear | Fishing Ship |
| 8:49 | Construir | House |
| 8:58 | Investigar | Feudal Age |
| 8:58 | Investigar | Feudal Age |
| 9:21 | Construir | Mining Camp |
| 9:30 | Crear | Fishing Ship |
| 10:41 | Construir | House |
| 11:07 | Edad | Edad Feudal |
| 11:10 | Crear | Villager (Male) |
| 11:10 | Crear | Villager (Male) |
| 11:13 | Construir | Market |
| 11:15 | Construir | Blacksmith |
| 11:33 | Crear | Fishing Ship |
| 11:44 | Investigar | Double-Bit Axe |
| 11:44 | Investigar | Double-Bit Axe |
| 11:44 | Investigar | Double-Bit Axe |
| 12:04 | Crear | Villager (Male) |
| 12:11 | Crear | Fishing Ship |
| 12:40 | Crear | Villager (Male) |
| 13:34 | Investigar | Castle Age |
| 13:34 | Investigar | Castle Age |
| 13:34 | Investigar | Castle Age |
| 13:34 | Investigar | Castle Age |
| 13:55 | Crear | Fishing Ship |
| 14:40 | Construir | Barracks |
| 14:59 | Crear | Fishing Ship |
| 15:44 | Crear | Fishing Ship |
| 15:51 | Construir | House |
| 15:52 | Construir | House |
| 16:14 | Edad | Edad de los Castillos |
| 16:16 | Construir | Town Center |
| 16:20 | Construir | Monastery |
| 16:21 | Crear | Villager (Male) |
| 16:25 | Crear | Villager (Male) |
| 16:28 | Construir | Town Center |
| 16:31 | Investigar | Bow Saw |
| 16:31 | Investigar | Bow Saw |
| 16:54 | Construir | House |
| 16:58 | Crear | Villager (Male) |
| 17:02 | Construir | Fish Trap |
| 17:03 | Crear | Monk |
| 17:17 | Crear | Monk |
| 17:18 | Crear | Villager (Male) |
| 17:25 | Crear | Villager (Male) |
| 17:46 | Crear | Villager (Male) |
| 17:52 | Construir | Town Center |
| 17:54 | Crear | Villager (Male) |
| 17:58 | Crear | Villager (Male) |
| 17:59 | Crear | Villager (Male) |
| 17:59 | Crear | Villager (Male) |
| 17:59 | Crear | Villager (Male) |
| 18:13 | Crear | Villager (Male) |
| 18:17 | Construir | Fish Trap |
| 18:25 | Construir | Fish Trap |
| 18:36 | Construir | House |
| 18:43 | Construir | Farm |
| 18:55 | Construir | Fish Trap |
| 19:10 | Construir | Farm |
| 19:12 | Construir | Farm |
| 19:15 | Crear | Villager (Male) |
| 19:27 | Crear | Villager (Male) |
| 19:28 | Crear | Villager (Male) |
| 19:28 | Crear | Villager (Male) |
| 19:35 | Construir | Farm |
| 19:38 | Construir | Fish Trap |
| 19:44 | Construir | Fish Trap |
| 19:59 | Construir | Fish Trap |
| 20:02 | Crear | Villager (Male) |
| 20:04 | Construir | Farm |
| 20:33 | Crear | Villager (Male) |
| 20:33 | Crear | Villager (Male) |
| 20:34 | Crear | Villager (Male) |
| 20:34 | Crear | Villager (Male) |
| 20:37 | Construir | Farm |
| 20:57 | Crear | Villager (Male) |
| 20:57 | Crear | Villager (Male) |
| 20:57 | Crear | Villager (Male) |
| 21:00 | Construir | House |
| 21:16 | Construir | Mill |
| 21:17 | Construir | Farm |
| 21:18 | Construir | Farm |
| 21:19 | Construir | Farm |
| 21:19 | Construir | Farm |
| 21:20 | Construir | Farm |
| 21:21 | Crear | Villager (Male) |
| 21:22 | Crear | Villager (Male) |
| 21:22 | Crear | Villager (Male) |
| 21:22 | Crear | Villager (Male) |
| 21:28 | Investigar | Horse Collar |
| 21:28 | Investigar | Horse Collar |
| 21:28 | Investigar | Horse Collar |
| 21:35 | Construir | Barracks |
| 21:46 | Investigar | Loom |
| 21:46 | Investigar | Loom |
| 21:55 | Crear | Villager (Male) |
| 21:57 | Construir | Farm |
| 22:00 | Construir | Farm |
| 22:04 | Construir | Farm |
| 22:07 | Construir | Farm |
| 22:10 | Construir | Farm |
| 22:13 | Construir | Farm |
| 22:15 | Construir | Farm |
| 22:16 | Crear | Villager (Male) |
| 22:16 | Crear | Villager (Male) |
| 22:17 | Crear | Villager (Male) |
| 22:17 | Crear | Villager (Male) |
| 22:24 | Construir | Farm |
| 22:26 | Construir | Farm |
| 22:32 | Construir | Farm |
| 22:44 | Crear | Villager (Male) |
| 22:44 | Crear | Villager (Male) |
| 22:44 | Crear | Villager (Male) |
| 22:50 | Construir | House |
| 22:52 | Crear | Villager (Male) |
| 22:52 | Crear | Villager (Male) |
| 22:53 | Crear | Villager (Male) |
| 22:53 | Crear | Villager (Male) |
Build order — Escanor
Primeras 150 de 260 acciones detectadas
| 0:01 | Crear | Villager (Male) |
| 0:02 | Crear | Villager (Male) |
| 0:02 | Crear | Villager (Male) |
| 0:02 | Crear | Villager (Male) |
| 0:08 | Construir | House |
| 0:10 | Construir | House |
| 1:38 | Crear | Villager (Male) |
| 1:56 | Construir | Lumber Camp |
| 2:24 | Crear | Villager (Male) |
| 2:24 | Crear | Villager (Male) |
| 3:11 | Crear | Villager (Male) |
| 3:11 | Crear | Villager (Male) |
| 3:44 | Crear | Villager (Male) |
| 3:45 | Crear | Villager (Male) |
| 4:04 | Crear | Villager (Male) |
| 4:32 | Construir | Mill |
| 4:40 | Construir | House |
| 4:43 | Construir | House |
| 4:45 | Crear | Villager (Male) |
| 4:45 | Crear | Villager (Male) |
| 4:45 | Crear | Villager (Male) |
| 5:53 | Crear | Villager (Male) |
| 5:53 | Crear | Villager (Male) |
| 5:54 | Crear | Villager (Male) |
| 6:09 | Construir | House |
| 6:13 | Crear | Villager (Male) |
| 6:14 | Crear | Villager (Male) |
| 6:34 | Crear | Villager (Male) |
| 7:17 | Crear | Villager (Male) |
| 7:40 | Investigar | Loom |
| 8:36 | Crear | Villager (Male) |
| 9:00 | Construir | Mining Camp |
| 10:06 | Crear | Villager (Male) |
| 10:22 | Investigar | Feudal Age |
| 10:50 | Construir | Dock |
| 11:42 | Crear | Fishing Ship |
| 11:54 | Construir | Mining Camp |
| 12:18 | Crear | Fishing Ship |
| 12:41 | Edad | Edad Feudal |
| 13:06 | Investigar | Loom |
| 13:07 | Crear | Villager (Male) |
| 13:16 | Construir | Market |
| 13:23 | Construir | Blacksmith |
| 13:31 | Crear | Villager (Male) |
| 13:34 | Investigar | Double-Bit Axe |
| 15:01 | Investigar | Castle Age |
| 15:29 | Crear | Fishing Ship |
| 15:51 | Construir | House |
| 16:04 | Investigar | Horse Collar |
| 17:15 | Construir | Farm |
| 17:18 | Construir | Farm |
| 17:20 | Construir | Farm |
| 17:22 | Construir | Farm |
| 17:24 | Construir | Farm |
| 17:27 | Construir | Farm |
| 17:41 | Edad | Edad de los Castillos |
| 18:02 | Construir | Town Center |
| 18:16 | Crear | Villager (Male) |
| 18:17 | Crear | Villager (Male) |
| 18:21 | Investigar | Bow Saw |
| 18:31 | Investigar | Heavy Plow |
| 18:53 | Construir | House |
| 19:11 | Investigar | Stone Mining |
| 19:15 | Crear | Villager (Male) |
| 19:21 | Construir | House |
| 19:28 | Crear | Villager (Male) |
| 19:30 | Crear | Villager (Male) |
| 19:30 | Crear | Villager (Male) |
| 19:38 | Investigar | Wheelbarrow |
| 19:55 | Crear | Villager (Male) |
| 20:28 | Crear | Villager (Male) |
| 20:51 | Crear | Villager (Male) |
| 21:34 | Construir | Stone Wall |
| 21:46 | Crear | Villager (Male) |
| 21:47 | Crear | Villager (Male) |
| 21:48 | Crear | Villager (Male) |
| 21:49 | Crear | Villager (Male) |
| 22:00 | Construir | Farm |
| 22:03 | Construir | Farm |
| 22:08 | Construir | Monastery |
| 22:16 | Crear | Villager (Male) |
| 22:17 | Crear | Villager (Male) |
| 22:44 | Construir | Castle |
| 22:58 | Crear | Villager (Male) |
| 22:58 | Crear | Villager (Male) |
| 23:03 | Crear | Monk |
| 23:19 | Construir | Town Center |
| 23:22 | Crear | Villager (Male) |
| 23:22 | Crear | Villager (Male) |
| 23:35 | Construir | House |
| 23:37 | Construir | House |
| 23:38 | Construir | House |
| 23:45 | Construir | Fish Trap |
| 23:49 | Construir | Fish Trap |
| 23:50 | Crear | Villager (Male) |
| 23:50 | Crear | Villager (Male) |
| 23:51 | Crear | Villager (Male) |
| 23:56 | Construir | Fish Trap |
| 24:16 | Crear | Villager (Male) |
| 24:17 | Crear | Villager (Male) |
| 24:28 | Construir | Town Center |
| 24:43 | Crear | Villager (Male) |
| 24:43 | Crear | Villager (Male) |
| 24:44 | Crear | Villager (Male) |
| 25:11 | Construir | Stone Wall |
| 25:17 | Construir | Stone Wall |
| 25:30 | Construir | Gate |
| 25:35 | Construir | Gate |
| 25:41 | Construir | House |
| 25:43 | Construir | House |
| 25:44 | Construir | House |
| 25:48 | Crear | Villager (Male) |
| 25:48 | Crear | Villager (Male) |
| 25:49 | Crear | Villager (Male) |
| 25:49 | Crear | Villager (Male) |
| 25:50 | Crear | Villager (Male) |
| 25:50 | Crear | Villager (Male) |
| 25:55 | Construir | Farm |
| 25:56 | Construir | Farm |
| 25:56 | Construir | Farm |
| 25:57 | Construir | Farm |
| 25:58 | Construir | Farm |
| 25:58 | Construir | Farm |
| 25:59 | Construir | Farm |
| 26:11 | Construir | Town Center |
| 26:20 | Crear | Villager (Male) |
| 26:21 | Crear | Villager (Male) |
| 26:23 | Crear | Villager (Male) |
| 26:37 | Construir | Farm |
| 26:40 | Crear | Villager (Male) |
| 26:41 | Crear | Villager (Male) |
| 26:49 | Construir | Farm |
| 26:51 | Construir | Farm |
| 26:54 | Construir | Farm |
| 26:59 | Construir | Farm |
| 27:01 | Crear | Villager (Male) |
| 27:02 | Crear | Villager (Male) |
| 27:22 | Construir | House |
| 27:23 | Construir | House |
| 27:24 | Construir | House |
| 27:29 | Investigar | Fletching |
| 27:29 | Investigar | Padded Archer Armor |
| 27:49 | Crear | Longbowman ×5 |
| 27:49 | Crear | Longbowman ×5 |
| 27:49 | Crear | Longbowman ×5 |
| 28:03 | Crear | Villager (Male) ×5 |
| 28:07 | Crear | Villager (Male) |
| 28:31 | Construir | Siege Workshop |
| 28:40 | Crear | Villager (Male) |
| 28:40 | Crear | Villager (Male) |
Build order — bicente
Primeras 150 de 507 acciones detectadas
| 0:01 | Crear | Villager (Male) |
| 0:01 | Crear | Villager (Male) |
| 0:03 | Construir | House |
| 0:05 | Construir | House |
| 0:30 | Crear | Villager (Male) |
| 0:45 | Crear | Villager (Male) |
| 1:07 | Crear | Villager (Male) |
| 1:31 | Crear | Villager (Male) |
| 2:20 | Crear | Villager (Male) |
| 2:20 | Crear | Villager (Male) |
| 2:41 | Construir | Lumber Camp |
| 2:59 | Crear | Villager (Male) |
| 3:21 | Construir | House |
| 3:40 | Crear | Villager (Male) |
| 3:41 | Crear | Villager (Male) |
| 3:48 | Construir | House |
| 4:14 | Crear | Villager (Male) |
| 4:14 | Crear | Villager (Male) |
| 4:59 | Construir | House |
| 5:08 | Crear | Villager (Male) |
| 5:08 | Crear | Villager (Male) |
| 5:08 | Crear | Villager (Male) |
| 5:09 | Crear | Villager (Male) |
| 5:50 | Construir | House |
| 6:24 | Construir | Mill |
| 6:31 | Construir | Dock |
| 6:33 | Crear | Villager (Male) |
| 6:40 | Construir | Palisade Wall |
| 7:01 | Crear | Villager (Male) |
| 7:25 | Construir | Palisade Wall |
| 7:37 | Crear | Villager (Male) |
| 7:37 | Crear | Villager (Male) |
| 7:47 | Crear | Villager (Male) |
| 8:13 | Crear | Fishing Ship |
| 8:31 | Crear | Villager (Male) |
| 8:31 | Crear | Villager (Male) |
| 8:34 | Construir | Mining Camp |
| 9:12 | Construir | House |
| 9:18 | Crear | Fishing Ship |
| 9:26 | Investigar | Feudal Age |
| 9:26 | Investigar | Feudal Age |
| 10:02 | Construir | Mill |
| 10:19 | Crear | Villager (Male) |
| 10:48 | Construir | Palisade Wall |
| 10:59 | Crear | Fishing Ship |
| 11:23 | Construir | Lumber Camp |
| 11:30 | Edad | Edad Feudal |
| 11:32 | Crear | Villager (Male) |
| 11:58 | Construir | Palisade Wall |
| 12:00 | Construir | Palisade Wall |
| 12:01 | Construir | Palisade Wall |
| 12:04 | Construir | Palisade Wall |
| 12:04 | Construir | Palisade Wall |
| 12:05 | Construir | Palisade Wall |
| 12:06 | Construir | Palisade Wall |
| 12:12 | Crear | Villager (Male) |
| 12:57 | Crear | Villager (Male) |
| 12:57 | Crear | Villager (Male) |
| 13:02 | Construir | House |
| 13:21 | Construir | Palisade Wall |
| 13:26 | Crear | Villager (Male) |
| 13:28 | Investigar | Wheelbarrow |
| 13:50 | Crear | Villager (Male) |
| 13:53 | Crear | Fishing Ship |
| 14:01 | Construir | Farm |
| 14:05 | Construir | Market |
| 14:24 | Construir | Mill |
| 14:30 | Crear | Fishing Ship |
| 14:58 | Construir | Stone Wall |
| 15:11 | Crear | Villager (Male) |
| 15:22 | Construir | Blacksmith |
| 15:27 | Construir | Farm |
| 15:30 | Crear | Villager (Male) |
| 15:53 | Construir | House |
| 16:08 | Crear | Fishing Ship |
| 16:13 | Investigar | Castle Age |
| 16:14 | Investigar | Castle Age |
| 16:23 | Crear | Villager (Male) |
| 16:34 | Construir | Stone Wall |
| 16:44 | Investigar | Horse Collar |
| 16:49 | Crear | Fishing Ship |
| 16:54 | Construir | Fish Trap |
| 16:58 | Construir | Fish Trap |
| 17:11 | Construir | Fish Trap |
| 17:32 | Construir | Lumber Camp |
| 17:36 | Crear | Villager (Male) |
| 17:48 | Investigar | Double-Bit Axe |
| 17:49 | Investigar | Double-Bit Axe |
| 17:49 | Investigar | Double-Bit Axe |
| 18:21 | Construir | Farm |
| 18:32 | Construir | Fish Trap |
| 18:37 | Construir | Fish Trap |
| 18:39 | Edad | Edad de los Castillos |
| 18:43 | Investigar | Bow Saw |
| 18:44 | Investigar | Bow Saw |
| 18:46 | Crear | Villager (Male) |
| 19:01 | Construir | Town Center |
| 19:07 | Crear | Villager (Male) |
| 19:16 | Construir | Fish Trap |
| 19:31 | Crear | Villager (Male) |
| 19:54 | Construir | Town Center |
| 20:02 | Crear | Villager (Male) |
| 20:03 | Crear | Villager (Male) |
| 20:14 | Construir | Fish Trap |
| 20:32 | Crear | Villager (Male) |
| 20:33 | Crear | Villager (Male) |
| 20:42 | Crear | Villager (Male) |
| 20:55 | Construir | Town Center |
| 20:56 | Crear | Villager (Male) |
| 20:57 | Crear | Villager (Male) |
| 21:01 | Crear | Villager (Male) |
| 21:05 | Construir | Farm |
| 21:09 | Construir | Farm |
| 21:14 | Construir | Farm |
| 21:15 | Crear | Villager (Male) |
| 21:27 | Crear | Villager (Male) |
| 21:34 | Construir | Farm |
| 21:37 | Construir | Farm |
| 21:45 | Investigar | Town Watch |
| 21:45 | Investigar | Town Watch |
| 21:51 | Construir | House |
| 21:56 | Construir | House |
| 21:58 | Crear | Villager (Male) |
| 21:58 | Crear | Villager (Male) |
| 22:07 | Investigar | Hand Cart |
| 22:07 | Investigar | Hand Cart |
| 22:18 | Construir | Farm |
| 22:21 | Construir | Farm |
| 22:26 | Crear | Villager (Male) |
| 22:27 | Crear | Villager (Male) |
| 22:30 | Construir | Farm |
| 22:35 | Construir | Mining Camp |
| 22:42 | Investigar | Gold Mining |
| 22:42 | Investigar | Gold Mining |
| 22:42 | Investigar | Gold Mining |
| 22:44 | Crear | Villager (Male) |
| 22:51 | Construir | Monastery |
| 22:54 | Construir | House |
| 22:57 | Crear | Villager (Male) |
| 23:05 | Construir | Farm |
| 23:08 | Construir | Farm |
| 23:10 | Crear | Villager (Male) |
| 23:10 | Crear | Villager (Male) |
| 23:12 | Construir | Farm |
| 23:15 | Construir | Farm |
| 23:19 | Construir | Farm |
| 23:20 | Crear | Villager (Male) |
| 23:33 | Crear | Villager (Male) |
| 23:35 | Crear | Monk |
| 23:42 | Construir | Farm |
Build order — R.I.P
Primeras 150 de 300 acciones detectadas
| 0:01 | Crear | Villager (Male) |
| 0:02 | Crear | Villager (Male) |
| 0:02 | Crear | Villager (Male) |
| 0:02 | Crear | Villager (Male) |
| 0:03 | Construir | House |
| 0:05 | Construir | House |
| 2:02 | Crear | Villager (Male) |
| 2:02 | Crear | Villager (Male) |
| 2:22 | Construir | Palisade Wall |
| 2:51 | Crear | Villager (Male) |
| 2:51 | Crear | Villager (Male) |
| 3:21 | Construir | Lumber Camp |
| 3:40 | Construir | Palisade Wall |
| 3:43 | Crear | Villager (Male) |
| 3:43 | Crear | Villager (Male) |
| 3:43 | Crear | Villager (Male) |
| 5:06 | Crear | Villager (Male) |
| 5:07 | Crear | Villager (Male) |
| 5:07 | Crear | Villager (Male) |
| 5:54 | Construir | House |
| 6:07 | Crear | Villager (Male) |
| 6:16 | Construir | Mill |
| 6:35 | Crear | Villager (Male) |
| 7:04 | Crear | Villager (Male) |
| 7:04 | Crear | Villager (Male) |
| 7:05 | Crear | Villager (Male) |
| 7:35 | Crear | Villager (Male) |
| 7:35 | Crear | Villager (Male) |
| 7:35 | Crear | Villager (Male) |
| 8:09 | Construir | Farm |
| 8:16 | Construir | Farm |
| 8:36 | Construir | House |
| 8:42 | Investigar | Loom |
| 9:04 | Crear | Villager (Male) |
| 9:04 | Crear | Villager (Male) |
| 9:04 | Crear | Villager (Male) |
| 9:13 | Construir | Mining Camp |
| 9:41 | Crear | Villager (Male) |
| 10:41 | Crear | Villager (Male) |
| 10:42 | Investigar | Feudal Age |
| 11:06 | Construir | Mill |
| 11:16 | Crear | Villager (Male) |
| 11:17 | Crear | Villager (Male) |
| 13:23 | Edad | Edad Feudal |
| 13:27 | Construir | Stone Wall |
| 13:33 | Construir | House |
| 13:46 | Construir | Market |
| 13:54 | Construir | Blacksmith |
| 14:28 | Construir | Dock |
| 14:55 | Investigar | Castle Age |
| 14:56 | Investigar | Castle Age |
| 15:18 | Construir | Stone Wall |
| 15:25 | Construir | House |
| 15:26 | Crear | Fishing Ship |
| 15:27 | Crear | Fishing Ship |
| 15:27 | Crear | Fishing Ship |
| 15:46 | Investigar | Double-Bit Axe |
| 15:49 | Investigar | Horse Collar |
| 17:03 | Crear | Fishing Ship |
| 17:06 | Investigar | Tech 906 |
| 17:35 | Edad | Edad de los Castillos |
| 17:44 | Crear | Trade Cart |
| 17:45 | Crear | Trade Cart |
| 17:45 | Crear | Trade Cart |
| 17:49 | Crear | Villager (Male) |
| 17:50 | Crear | Villager (Male) |
| 18:15 | Construir | Town Center |
| 18:18 | Crear | Villager (Male) |
| 18:24 | Construir | House |
| 18:47 | Construir | House |
| 19:05 | Construir | Farm |
| 19:06 | Construir | Farm |
| 19:21 | Crear | Villager (Male) |
| 19:31 | Construir | Farm |
| 19:32 | Construir | Farm |
| 19:36 | Construir | House |
| 19:43 | Crear | Villager (Male) |
| 19:44 | Crear | Villager (Male) |
| 19:44 | Crear | Villager (Male) |
| 19:52 | Construir | Farm |
| 19:54 | Construir | Farm |
| 19:59 | Crear | Villager (Male) |
| 19:59 | Crear | Villager (Male) |
| 20:06 | Construir | Farm |
| 20:09 | Construir | House |
| 20:22 | Construir | Farm |
| 20:23 | Crear | Villager (Male) |
| 20:23 | Crear | Villager (Male) |
| 20:26 | Construir | Farm |
| 20:40 | Construir | House |
| 20:44 | Construir | Farm |
| 20:50 | Construir | Farm |
| 20:56 | Investigar | Bow Saw |
| 20:58 | Crear | Villager (Male) |
| 20:58 | Crear | Villager (Male) |
| 21:05 | Construir | Farm |
| 21:08 | Construir | Farm |
| 21:10 | Crear | Villager (Male) |
| 21:11 | Crear | Villager (Male) |
| 21:24 | Construir | House |
| 21:36 | Crear | Villager (Male) |
| 21:37 | Crear | Villager (Male) |
| 21:40 | Construir | Farm |
| 21:42 | Construir | Farm |
| 21:59 | Construir | Mining Camp |
| 22:02 | Construir | Mining Camp |
| 22:04 | Crear | Villager (Male) |
| 22:04 | Crear | Villager (Male) |
| 22:22 | Investigar | Heavy Plow |
| 22:29 | Construir | Farm |
| 22:32 | Construir | Farm |
| 22:34 | Crear | Villager (Male) |
| 22:46 | Construir | Farm |
| 22:49 | Construir | Farm |
| 22:53 | Investigar | Wheelbarrow |
| 22:57 | Investigar | Stone Mining |
| 23:06 | Crear | Villager (Male) |
| 23:06 | Crear | Villager (Male) |
| 23:17 | Investigar | Gold Mining |
| 23:34 | Investigar | Stone Shaft Mining |
| 23:45 | Crear | Villager (Male) |
| 23:45 | Crear | Villager (Male) |
| 24:03 | Construir | Farm |
| 24:20 | Construir | Town Center |
| 24:28 | Construir | Fish Trap |
| 24:32 | Construir | Fish Trap |
| 24:35 | Crear | Villager (Male) |
| 24:35 | Crear | Villager (Male) |
| 24:43 | Construir | Fish Trap |
| 24:46 | Crear | Villager (Male) |
| 24:46 | Crear | Villager (Male) |
| 25:16 | Construir | Stone Wall |
| 25:22 | Construir | Stone Wall |
| 25:34 | Crear | Villager (Male) |
| 25:34 | Crear | Villager (Male) |
| 25:44 | Construir | Fish Trap |
| 26:43 | Construir | Siege Workshop |
| 26:44 | Crear | Villager (Male) |
| 26:45 | Crear | Villager (Male) |
| 26:50 | Construir | Mining Camp |
| 27:09 | Crear | Villager (Male) |
| 27:09 | Crear | Villager (Male) |
| 27:12 | Crear | Mangonel |
| 27:15 | Investigar | Imperial Age |
| 27:20 | Crear | Villager (Male) |
| 27:20 | Crear | Villager (Male) |
| 27:26 | Construir | Mining Camp |
| 27:38 | Construir | University |
| 29:00 | Investigar | Hand Cart |
| 29:39 | Construir | Siege Workshop |
Build order — Tuxilion
Primeras 150 de 408 acciones detectadas
| 0:01 | Crear | Villager (Male) |
| 0:01 | Crear | Villager (Male) |
| 0:02 | Crear | Villager (Male) |
| 0:03 | Construir | House |
| 0:06 | Construir | House |
| 0:06 | Crear | Villager (Male) |
| 0:06 | Crear | Villager (Male) |
| 0:07 | Crear | Villager (Male) |
| 1:26 | Crear | Villager (Male) |
| 1:27 | Crear | Villager (Male) |
| 1:37 | Investigar | Loom |
| 1:38 | Crear | Villager (Male) |
| 1:38 | Crear | Villager (Male) |
| 2:07 | Crear | Villager (Male) |
| 2:08 | Crear | Villager (Male) |
| 2:23 | Crear | Villager (Male) |
| 2:23 | Crear | Villager (Male) |
| 2:51 | Construir | House |
| 2:53 | Construir | House |
| 3:03 | Crear | Villager (Male) |
| 3:03 | Crear | Villager (Male) |
| 3:42 | Crear | Villager (Male) |
| 3:56 | Construir | Palisade Wall |
| 4:24 | Crear | Villager (Male) |
| 4:24 | Crear | Villager (Male) |
| 4:25 | Crear | Villager (Male) |
| 4:48 | Crear | Villager (Male) |
| 5:13 | Construir | Mill |
| 5:30 | Crear | Villager (Male) |
| 5:49 | Construir | House |
| 5:50 | Crear | Villager (Male) |
| 5:51 | Crear | Villager (Male) |
| 6:03 | Construir | Lumber Camp |
| 6:39 | Construir | House |
| 6:42 | Crear | Villager (Male) |
| 6:42 | Crear | Villager (Male) |
| 7:19 | Construir | Mining Camp |
| 7:21 | Crear | Villager (Male) |
| 7:26 | Crear | Villager (Male) |
| 8:17 | Crear | Villager (Male) |
| 8:37 | Crear | Villager (Male) |
| 9:14 | Crear | Villager (Male) |
| 9:36 | Crear | Villager (Male) |
| 10:09 | Crear | Villager (Male) |
| 10:10 | Crear | Villager (Male) |
| 10:20 | Construir | Mill |
| 10:23 | Crear | Villager (Male) |
| 10:37 | Investigar | Feudal Age |
| 10:56 | Construir | Mining Camp |
| 12:41 | Crear | Villager (Male) |
| 12:47 | Edad | Edad Feudal |
| 12:58 | Construir | Blacksmith |
| 13:02 | Construir | Market |
| 13:04 | Crear | Villager (Male) |
| 13:36 | Crear | Villager (Male) |
| 14:04 | Construir | Mining Camp |
| 14:06 | Crear | Villager (Male) |
| 14:11 | Construir | Farm |
| 14:12 | Construir | Farm |
| 14:13 | Construir | Farm |
| 14:14 | Construir | Farm |
| 14:16 | Construir | Farm |
| 14:39 | Construir | Farm |
| 14:54 | Investigar | Castle Age |
| 15:23 | Crear | Villager (Male) |
| 15:23 | Crear | Villager (Male) |
| 15:24 | Crear | Villager (Male) |
| 15:24 | Crear | Villager (Male) |
| 16:01 | Investigar | Fletching |
| 16:19 | Construir | Stone Wall |
| 16:43 | Construir | Barracks |
| 16:56 | Investigar | Double-Bit Axe |
| 17:34 | Edad | Edad de los Castillos |
| 17:36 | Crear | Villager (Male) |
| 17:36 | Crear | Villager (Male) |
| 17:37 | Crear | Villager (Male) |
| 18:16 | Construir | Castle |
| 18:20 | Crear | Villager (Male) |
| 18:21 | Crear | Villager (Male) |
| 18:37 | Construir | House |
| 18:53 | Crear | Villager (Male) |
| 18:54 | Crear | Villager (Male) |
| 19:24 | Crear | Villager (Male) |
| 19:24 | Crear | Villager (Male) |
| 19:32 | Construir | Town Center |
| 19:42 | Crear | Villager (Male) |
| 19:43 | Crear | Villager (Male) |
| 20:02 | Construir | Town Center |
| 20:06 | Crear | Organ Gun |
| 20:06 | Crear | Organ Gun |
| 20:12 | Crear | Villager (Male) |
| 20:12 | Crear | Villager (Male) |
| 20:22 | Crear | Villager (Male) |
| 20:23 | Crear | Villager (Male) |
| 20:23 | Crear | Villager (Male) |
| 20:44 | Construir | Farm |
| 21:01 | Crear | Villager (Male) |
| 21:09 | Construir | Farm |
| 21:13 | Crear | Villager (Male) |
| 21:14 | Crear | Villager (Male) |
| 21:19 | Crear | Organ Gun |
| 21:19 | Crear | Organ Gun |
| 21:19 | Crear | Organ Gun |
| 21:35 | Crear | Villager (Male) |
| 21:36 | Crear | Villager (Male) |
| 21:53 | Construir | Farm |
| 21:55 | Construir | Farm |
| 22:02 | Crear | Villager (Male) |
| 22:05 | Crear | Villager (Male) |
| 22:09 | Crear | Villager (Male) |
| 22:17 | Crear | Organ Gun |
| 22:17 | Crear | Organ Gun |
| 22:20 | Construir | Farm |
| 22:35 | Crear | Villager (Male) |
| 22:42 | Construir | Farm |
| 22:48 | Crear | Villager (Male) |
| 22:57 | Crear | Villager (Male) |
| 22:58 | Crear | Villager (Male) |
| 23:07 | Crear | Organ Gun ×2 |
| 23:08 | Crear | Organ Gun ×2 |
| 23:21 | Construir | Farm |
| 23:22 | Crear | Villager (Male) |
| 23:22 | Crear | Villager (Male) |
| 23:30 | Crear | Villager (Male) |
| 23:30 | Crear | Villager (Male) |
| 23:44 | Crear | Villager (Male) |
| 23:44 | Crear | Villager (Male) |
| 23:45 | Crear | Villager (Male) |
| 23:56 | Crear | Organ Gun |
| 23:56 | Crear | Organ Gun |
| 23:56 | Crear | Organ Gun |
| 24:09 | Crear | Villager (Male) |
| 24:10 | Crear | Villager (Male) |
| 24:13 | Construir | Farm |
| 24:20 | Crear | Organ Gun |
| 24:35 | Crear | Villager (Male) |
| 24:40 | Crear | Villager (Male) |
| 24:40 | Crear | Villager (Male) |
| 24:43 | Construir | Farm |
| 24:58 | Crear | Villager (Male) |
| 24:59 | Crear | Villager (Male) |
| 25:22 | Crear | Villager (Male) |
| 25:23 | Crear | Villager (Male) |
| 25:34 | Construir | Castle |
| 25:48 | Construir | Farm |
| 25:50 | Construir | Farm |
| 25:50 | Crear | Villager (Male) |
| 25:51 | Crear | Villager (Male) |
| 26:04 | Crear | Petard |
| 26:04 | Crear | Petard |
Build order — heymaralejandro30
Primeras 150 de 334 acciones detectadas
| 0:03 | Crear | Villager (Male) |
| 0:04 | Crear | Villager (Male) |
| 0:04 | Crear | Villager (Male) |
| 0:04 | Crear | Villager (Male) |
| 0:05 | Crear | Villager (Male) |
| 0:07 | Construir | House |
| 0:09 | Construir | House |
| 1:31 | Crear | Villager (Male) |
| 1:53 | Construir | Lumber Camp |
| 2:08 | Crear | Villager (Male) |
| 2:08 | Crear | Villager (Male) |
| 2:27 | Crear | Villager (Male) |
| 3:06 | Crear | Villager (Male) |
| 3:13 | Crear | Villager (Male) |
| 3:20 | Investigar | Loom |
| 3:21 | Crear | Villager (Male) |
| 3:45 | Construir | House |
| 3:45 | Crear | Villager (Male) |
| 4:08 | Crear | Villager (Male) |
| 4:08 | Crear | Villager (Male) |
| 4:45 | Crear | Villager (Male) |
| 4:45 | Crear | Villager (Male) |
| 5:10 | Construir | House |
| 5:32 | Construir | House |
| 5:45 | Crear | Villager (Male) |
| 5:45 | Crear | Villager (Male) |
| 5:45 | Crear | Villager (Male) |
| 5:52 | Construir | House |
| 6:59 | Crear | Villager (Male) |
| 7:00 | Crear | Villager (Male) |
| 7:05 | Construir | Dock |
| 7:36 | Crear | Villager (Male) |
| 8:08 | Construir | Mill |
| 8:11 | Crear | Villager (Male) |
| 8:25 | Crear | Fishing Ship |
| 8:25 | Crear | Fishing Ship |
| 8:25 | Crear | Fishing Ship |
| 8:25 | Crear | Fishing Ship |
| 8:37 | Construir | House |
| 8:44 | Construir | House |
| 9:01 | Crear | Villager (Male) |
| 9:53 | Crear | Villager (Male) |
| 9:53 | Crear | Villager (Male) |
| 9:53 | Crear | Villager (Male) |
| 9:57 | Crear | Fishing Ship |
| 9:57 | Crear | Fishing Ship |
| 10:11 | Crear | Villager (Male) |
| 10:37 | Crear | Villager (Male) |
| 10:37 | Crear | Villager (Male) |
| 10:37 | Crear | Villager (Male) |
| 10:52 | Crear | Villager (Male) |
| 10:52 | Crear | Villager (Male) |
| 11:14 | Crear | Villager (Male) |
| 11:19 | Crear | Fishing Ship |
| 11:49 | Construir | House |
| 11:52 | Construir | House |
| 11:59 | Crear | Villager (Male) |
| 12:03 | Construir | House |
| 12:38 | Construir | Palisade Wall |
| 12:47 | Crear | Villager (Male) |
| 12:52 | Crear | Villager (Male) |
| 13:23 | Construir | House |
| 13:24 | Crear | Villager (Male) |
| 13:42 | Crear | Villager (Male) |
| 13:53 | Investigar | Feudal Age |
| 14:07 | Construir | House |
| 14:08 | Construir | House |
| 15:21 | Construir | Mining Camp |
| 15:24 | Crear | Villager (Male) |
| 16:10 | Edad | Edad Feudal |
| 16:14 | Crear | Villager (Male) |
| 16:15 | Crear | Villager (Male) |
| 16:25 | Construir | Mill |
| 16:25 | Crear | Villager (Male) |
| 16:58 | Crear | Villager (Male) |
| 17:17 | Construir | Fish Trap |
| 17:18 | Crear | Villager (Male) |
| 17:23 | Construir | Fish Trap |
| 17:29 | Crear | Villager (Male) |
| 17:57 | Crear | Villager (Male) |
| 18:15 | Crear | Villager (Male) |
| 18:17 | Construir | Fish Trap |
| 18:21 | Construir | Fish Trap |
| 18:23 | Construir | Fish Trap |
| 18:26 | Crear | Villager (Male) |
| 18:38 | Construir | Fish Trap |
| 18:59 | Construir | Fish Trap |
| 19:00 | Crear | Villager (Male) |
| 19:39 | Crear | Villager (Male) |
| 19:57 | Construir | Market |
| 20:46 | Construir | Palisade Wall |
| 20:53 | Construir | Mining Camp |
| 20:54 | Crear | Villager (Male) |
| 21:03 | Construir | Blacksmith |
| 21:27 | Investigar | Double-Bit Axe |
| 21:38 | Construir | Farm |
| 21:39 | Crear | Villager (Male) |
| 22:02 | Construir | Farm |
| 22:04 | Investigar | Castle Age |
| 22:06 | Investigar | Gold Mining |
| 22:31 | Construir | Farm |
| 22:35 | Investigar | Stone Mining |
| 22:56 | Investigar | Tech 906 |
| 23:04 | Construir | Farm |
| 23:05 | Construir | Farm |
| 23:09 | Construir | Farm |
| 23:11 | Construir | Farm |
| 23:17 | Construir | Lumber Camp |
| 24:44 | Edad | Edad de los Castillos |
| 24:47 | Construir | Monastery |
| 24:48 | Crear | Villager (Male) |
| 24:48 | Crear | Villager (Male) |
| 24:53 | Construir | Town Center |
| 25:00 | Construir | Town Center |
| 25:07 | Investigar | Wheelbarrow |
| 25:08 | Investigar | Town Watch |
| 25:23 | Crear | Monk |
| 25:23 | Crear | Monk |
| 25:37 | Construir | Castle |
| 25:41 | Crear | Villager (Male) |
| 25:44 | Construir | Farm |
| 25:44 | Crear | Villager (Male) |
| 25:57 | Crear | Villager (Male) |
| 25:57 | Crear | Villager (Male) |
| 26:03 | Crear | Villager (Male) |
| 26:41 | Crear | Villager (Male) |
| 26:42 | Crear | Villager (Male) |
| 26:45 | Construir | Farm |
| 26:47 | Construir | Farm |
| 26:49 | Construir | Farm |
| 26:51 | Construir | Farm |
| 26:56 | Construir | Farm |
| 26:56 | Crear | Villager (Male) |
| 27:09 | Crear | Villager (Male) |
| 27:19 | Construir | Siege Workshop |
| 27:25 | Crear | Villager (Male) |
| 27:25 | Crear | Villager (Male) |
| 27:31 | Investigar | Fletching |
| 27:32 | Crear | Villager (Male) |
| 27:33 | Crear | Villager (Male) |
| 27:45 | Crear | Mangonel |
| 27:46 | Crear | Mangonel |
| 28:01 | Construir | University |
| 28:05 | Crear | Villager (Male) |
| 28:05 | Crear | Villager (Male) |
| 28:07 | Investigar | Hand Cart |
| 28:07 | Crear | Villager (Male) |
| 28:33 | Investigar | Masonry |
| 28:40 | Crear | Villager (Male) |
| 28:45 | Construir | Farm |
Build order — 一艘不靠岸的船
Primeras 150 de 412 acciones detectadas
| 0:03 | Crear | Villager (Male) |
| 0:03 | Crear | Villager (Male) |
| 0:03 | Crear | Villager (Male) |
| 0:04 | Crear | Villager (Male) |
| 0:05 | Construir | House |
| 0:07 | Construir | House |
| 1:19 | Construir | House |
| 1:23 | Construir | House |
| 1:24 | Construir | House |
| 1:27 | Crear | Villager (Male) |
| 1:27 | Crear | Villager (Male) |
| 2:11 | Crear | Villager (Male) |
| 2:34 | Crear | Villager (Male) |
| 2:34 | Crear | Villager (Male) |
| 3:00 | Crear | Villager (Male) |
| 3:01 | Crear | Villager (Male) |
| 3:28 | Crear | Villager (Male) |
| 3:29 | Crear | Villager (Male) |
| 3:46 | Crear | Villager (Male) |
| 3:46 | Crear | Villager (Male) |
| 4:04 | Crear | Villager (Male) |
| 4:45 | Crear | Villager (Male) |
| 4:45 | Crear | Villager (Male) |
| 4:46 | Crear | Villager (Male) |
| 5:26 | Crear | Villager (Male) |
| 5:46 | Construir | Mill |
| 5:53 | Crear | Villager (Male) |
| 6:32 | Crear | Villager (Male) |
| 6:33 | Crear | Villager (Male) |
| 6:37 | Construir | Lumber Camp |
| 7:19 | Investigar | Feudal Age |
| 8:55 | Construir | Mill |
| 8:59 | Crear | Villager (Male) |
| 8:59 | Crear | Villager (Male) |
| 9:00 | Crear | Villager (Male) |
| 9:32 | Edad | Edad Feudal |
| 9:34 | Investigar | Double-Bit Axe |
| 10:20 | Crear | Villager (Male) |
| 10:35 | Construir | Market |
| 10:49 | Crear | Villager (Male) |
| 10:52 | Crear | Villager (Male) |
| 11:27 | Construir | Blacksmith |
| 11:35 | Crear | Villager (Male) |
| 12:15 | Construir | Dock |
| 12:26 | Investigar | Castle Age |
| 12:37 | Construir | House |
| 12:38 | Construir | House |
| 13:17 | Crear | Fishing Ship |
| 13:18 | Crear | Fishing Ship |
| 13:18 | Crear | Fishing Ship |
| 13:33 | Investigar | Horse Collar |
| 14:31 | Crear | Villager (Male) |
| 14:32 | Crear | Villager (Male) |
| 15:08 | Edad | Edad de los Castillos |
| 15:09 | Investigar | Bow Saw |
| 15:22 | Construir | Town Center |
| 15:37 | Construir | Town Center |
| 15:40 | Crear | Villager (Male) |
| 15:42 | Construir | Farm |
| 15:54 | Construir | Farm |
| 15:58 | Construir | Farm |
| 16:08 | Construir | Farm |
| 16:17 | Crear | Villager (Male) |
| 16:33 | Construir | Farm |
| 16:36 | Crear | Villager (Male) |
| 16:43 | Crear | Fishing Ship |
| 16:51 | Construir | Farm |
| 16:53 | Construir | Farm |
| 16:56 | Construir | Farm |
| 17:00 | Crear | Villager (Male) |
| 17:08 | Construir | Farm |
| 17:13 | Construir | Farm |
| 17:16 | Construir | Farm |
| 17:29 | Crear | Villager (Male) |
| 17:31 | Construir | Farm |
| 17:35 | Crear | Fishing Ship |
| 17:45 | Construir | Farm |
| 17:51 | Construir | Farm |
| 17:54 | Crear | Villager (Male) |
| 17:57 | Construir | Farm |
| 18:03 | Construir | Farm |
| 18:05 | Crear | Villager (Male) |
| 18:08 | Construir | Farm |
| 18:15 | Construir | Farm |
| 18:17 | Crear | Villager (Male) |
| 18:27 | Crear | Villager (Male) |
| 18:32 | Crear | Villager (Male) |
| 18:42 | Crear | Villager (Male) |
| 18:46 | Construir | Mining Camp |
| 18:54 | Crear | Fishing Ship |
| 18:56 | Crear | Villager (Male) |
| 18:59 | Crear | Villager (Male) |
| 19:01 | Construir | Farm |
| 19:06 | Crear | Villager (Male) |
| 19:21 | Construir | Farm |
| 19:23 | Construir | Farm |
| 19:27 | Construir | Farm |
| 19:29 | Construir | Farm |
| 19:30 | Crear | Villager (Male) |
| 19:34 | Crear | Villager (Male) |
| 19:55 | Construir | Dock |
| 19:57 | Crear | Villager (Male) |
| 20:02 | Construir | House |
| 20:04 | Construir | House |
| 20:05 | Construir | House |
| 20:07 | Construir | House |
| 20:08 | Construir | House |
| 20:10 | Investigar | Wheelbarrow |
| 20:12 | Crear | Villager (Male) |
| 20:12 | Crear | Villager (Male) |
| 20:13 | Crear | Villager (Male) |
| 20:22 | Crear | Villager (Male) |
| 20:33 | Investigar | Stone Mining |
| 20:39 | Crear | Villager (Male) |
| 20:42 | Crear | Fishing Ship |
| 20:46 | Investigar | Tech 906 |
| 20:58 | Crear | Villager (Male) |
| 20:58 | Crear | Villager (Male) |
| 21:03 | Crear | Villager (Male) |
| 21:11 | Construir | Mining Camp |
| 21:21 | Crear | Fishing Ship |
| 21:32 | Construir | Fish Trap |
| 21:35 | Construir | Fish Trap |
| 21:38 | Crear | Fishing Ship |
| 21:40 | Crear | Fishing Ship |
| 21:54 | Construir | Fish Trap |
| 21:56 | Crear | Villager (Male) |
| 21:57 | Crear | Villager (Male) |
| 21:58 | Crear | Villager (Male) |
| 22:01 | Crear | Villager (Male) |
| 22:01 | Crear | Villager (Male) |
| 22:03 | Crear | Villager (Male) |
| 22:03 | Crear | Villager (Male) |
| 22:04 | Crear | Villager (Male) |
| 22:04 | Crear | Villager (Male) |
| 22:07 | Investigar | Gold Mining |
| 22:13 | Construir | Mining Camp |
| 22:22 | Construir | Fish Trap |
| 22:32 | Construir | Fish Trap |
| 22:35 | Crear | Fishing Ship |
| 22:39 | Crear | Villager (Male) |
| 22:40 | Crear | Villager (Male) |
| 22:42 | Crear | Villager (Male) |
| 22:42 | Crear | Villager (Male) |
| 22:42 | Crear | Villager (Male) |
| 22:45 | Crear | Villager (Male) |
| 22:57 | Investigar | Stone Shaft Mining |
| 23:03 | Construir | House |
| 23:05 | Construir | House |
| 23:05 | Construir | House |
Build order — gabo2584
Primeras 150 de 290 acciones detectadas
| 0:11 | Construir | House |
| 0:14 | Construir | House |
| 0:17 | Crear | Villager (Male) |
| 0:17 | Crear | Villager (Male) |
| 0:18 | Crear | Villager (Male) |
| 0:18 | Crear | Villager (Male) |
| 0:19 | Crear | Villager (Male) |
| 0:52 | Construir | House |
| 1:52 | Crear | Villager (Male) |
| 1:52 | Crear | Villager (Male) |
| 1:53 | Crear | Villager (Male) |
| 1:53 | Crear | Villager (Male) |
| 2:11 | Construir | Lumber Camp |
| 3:08 | Crear | Villager (Male) |
| 3:08 | Crear | Villager (Male) |
| 3:08 | Crear | Villager (Male) |
| 3:08 | Crear | Villager (Male) |
| 3:32 | Investigar | Loom |
| 3:34 | Crear | Villager (Male) |
| 3:35 | Crear | Villager (Male) |
| 4:06 | Crear | Villager (Male) |
| 4:06 | Crear | Villager (Male) |
| 4:27 | Crear | Villager (Male) |
| 4:28 | Crear | Villager (Male) |
| 4:28 | Crear | Villager (Male) |
| 4:34 | Construir | House |
| 5:53 | Construir | House |
| 6:11 | Construir | House |
| 6:41 | Construir | Palisade Wall |
| 6:53 | Crear | Villager (Male) |
| 6:53 | Crear | Villager (Male) |
| 6:54 | Crear | Villager (Male) |
| 6:54 | Crear | Villager (Male) |
| 7:30 | Construir | Palisade Wall |
| 7:43 | Construir | Palisade Wall |
| 8:02 | Crear | Villager (Male) |
| 8:02 | Crear | Villager (Male) |
| 8:14 | Construir | Mill |
| 9:10 | Construir | House |
| 9:12 | Construir | House |
| 9:16 | Construir | House |
| 9:23 | Construir | House |
| 10:35 | Construir | Farm |
| 10:37 | Construir | Farm |
| 11:40 | Crear | Villager (Male) |
| 11:40 | Crear | Villager (Male) |
| 11:41 | Crear | Villager (Male) |
| 11:41 | Crear | Villager (Male) |
| 11:41 | Crear | Villager (Male) |
| 11:42 | Crear | Villager (Male) |
| 11:42 | Crear | Villager (Male) |
| 12:04 | Construir | House |
| 12:06 | Construir | House |
| 12:11 | Construir | House |
| 12:13 | Construir | House |
| 12:27 | Construir | House |
| 12:54 | Crear | Villager (Male) |
| 12:54 | Crear | Villager (Male) |
| 13:07 | Construir | Farm |
| 13:39 | Construir | House |
| 13:49 | Construir | House |
| 14:10 | Crear | Villager (Male) |
| 14:10 | Crear | Villager (Male) |
| 14:23 | Construir | Farm |
| 14:32 | Construir | House |
| 15:13 | Crear | Villager (Male) |
| 15:13 | Crear | Villager (Male) |
| 15:14 | Crear | Villager (Male) |
| 15:25 | Construir | Farm |
| 15:27 | Construir | Farm |
| 15:29 | Construir | Farm |
| 15:34 | Construir | Farm |
| 16:18 | Crear | Villager (Male) |
| 16:19 | Crear | Villager (Male) |
| 17:16 | Crear | Villager (Male) |
| 17:16 | Crear | Villager (Male) |
| 17:34 | Construir | House |
| 17:41 | Construir | House |
| 17:57 | Crear | Villager (Male) |
| 17:57 | Crear | Villager (Male) |
| 18:37 | Construir | Farm |
| 18:39 | Construir | Farm |
| 18:41 | Construir | Farm |
| 18:43 | Construir | Farm |
| 18:58 | Construir | House |
| 20:30 | Construir | Mining Camp |
| 20:33 | Investigar | Feudal Age |
| 20:57 | Construir | Mining Camp |
| 22:43 | Edad | Edad Feudal |
| 22:49 | Crear | Villager (Male) |
| 22:49 | Crear | Villager (Male) |
| 22:50 | Crear | Villager (Male) |
| 22:50 | Crear | Villager (Male) |
| 23:13 | Construir | Market |
| 23:19 | Crear | Villager (Male) |
| 23:20 | Crear | Villager (Male) |
| 24:22 | Construir | Blacksmith |
| 24:33 | Crear | Villager (Male) |
| 24:34 | Crear | Villager (Male) |
| 24:34 | Crear | Villager (Male) |
| 25:32 | Investigar | Castle Age |
| 25:43 | Investigar | Double-Bit Axe |
| 26:39 | Construir | Mining Camp |
| 27:18 | Investigar | Horse Collar |
| 27:38 | Construir | Barracks |
| 27:47 | Investigar | Scale Mail Armor |
| 28:12 | Edad | Edad de los Castillos |
| 28:19 | Construir | Town Center |
| 28:30 | Construir | Town Center |
| 29:05 | Construir | Castle |
| 29:13 | Investigar | Fletching |
| 29:16 | Crear | Villager (Male) |
| 29:17 | Crear | Villager (Male) |
| 29:17 | Crear | Villager (Male) |
| 29:17 | Crear | Villager (Male) |
| 29:17 | Crear | Villager (Male) |
| 29:18 | Crear | Villager (Male) |
| 29:29 | Construir | Farm |
| 30:05 | Crear | Villager (Male) |
| 30:05 | Crear | Villager (Male) |
| 30:06 | Crear | Villager (Male) |
| 30:06 | Crear | Villager (Male) |
| 30:06 | Crear | Villager (Male) |
| 30:06 | Crear | Villager (Male) |
| 30:39 | Crear | Conquistador |
| 30:39 | Crear | Conquistador |
| 30:40 | Crear | Conquistador |
| 30:40 | Crear | Conquistador |
| 30:59 | Construir | Town Center |
| 31:20 | Crear | Villager (Male) |
| 31:20 | Crear | Villager (Male) |
| 31:21 | Crear | Villager (Male) |
| 31:22 | Crear | Villager (Male) |
| 31:24 | Crear | Conquistador |
| 31:25 | Crear | Conquistador |
| 31:25 | Crear | Conquistador |
| 31:25 | Crear | Conquistador |
| 31:49 | Investigar | Padded Archer Armor |
| 31:52 | Crear | Villager (Male) |
| 31:53 | Crear | Villager (Male) |
| 31:53 | Crear | Villager (Male) |
| 31:53 | Crear | Villager (Male) |
| 32:09 | Construir | University |
| 32:40 | Construir | Archery Range |
| 32:48 | Crear | Villager (Male) |
| 32:48 | Crear | Villager (Male) |
| 32:49 | Crear | Villager (Male) |
| 32:49 | Crear | Villager (Male) |
| 32:49 | Crear | Villager (Male) |
| 33:04 | Construir | Farm |
Cronología de la partida
| 2:22 | R.I.P · wall_segment Palisade Wall x8 |
| 3:40 | R.I.P · wall_segment Palisade Wall x7 |
| 3:56 | Tuxilion · wall_segment Palisade Wall x8 |
| 6:31 | bicente · first_building Dock |
| 6:40 | bicente · wall_segment Palisade Wall x4 |
| 6:41 | gabo2584 · wall_segment Palisade Wall x10 |
| 7:05 | heymaralejandro30 · first_building Dock |
| 7:25 | bicente · wall_segment Palisade Wall x5 |
| 7:30 | gabo2584 · wall_segment Palisade Wall x1 |
| 7:43 | gabo2584 · wall_segment Palisade Wall x1 |
| 7:46 | Apócrifo · first_building Dock |
| 9:32 | 一艘不靠岸的船 · age_up feudal |
| 10:48 | bicente · wall_segment Palisade Wall x1 |
| 10:50 | Escanor · first_building Dock |
| 11:07 | Apócrifo · age_up feudal |
| 11:30 | bicente · age_up feudal |
| 11:58 | bicente · wall_segment Palisade Wall x1 |
| 12:00 | bicente · wall_segment Palisade Wall x1 |
| 12:01 | bicente · wall_segment Palisade Wall x1 |
| 12:04 | bicente · wall_segment Palisade Wall x1 |
| 12:04 | bicente · wall_segment Palisade Wall x1 |
| 12:05 | bicente · wall_segment Palisade Wall x1 |
| 12:06 | bicente · wall_segment Palisade Wall x1 |
| 12:15 | 一艘不靠岸的船 · first_building Dock |
| 12:21 | 一艘不靠岸的船 · first_market_sell 100 food |
| 12:38 | heymaralejandro30 · wall_segment Palisade Wall x7 |
| 12:41 | Escanor · age_up feudal |
| 12:47 | Tuxilion · age_up feudal |
| 12:56 | Apócrifo · first_market_sell 100 wood |
| 12:57 | Apócrifo · first_market_buy 100 food |
| 13:21 | bicente · wall_segment Palisade Wall x1 |
| 13:23 | R.I.P · age_up feudal |
| 13:27 | R.I.P · wall_segment Stone Wall x7 |
| 14:28 | R.I.P · first_building Dock |
| 14:29 | Tuxilion · first_market_sell 100 wood |
| 14:32 | Tuxilion · first_market_buy 100 food |
| 14:40 | Apócrifo · first_building Barracks |
| 14:58 | bicente · wall_segment Stone Wall x7 |
| 15:08 | 一艘不靠岸的船 · age_up castle |
| 15:18 | R.I.P · wall_segment Stone Wall x7 |
| 16:01 | bicente · first_market_buy 100 food |
| 16:10 | heymaralejandro30 · age_up feudal |
| 16:14 | Apócrifo · age_up castle |
| 16:19 | Tuxilion · wall_segment Stone Wall x11 |
| 16:20 | Apócrifo · first_building Monastery |
| 16:34 | bicente · wall_segment Stone Wall x8 |
| 16:43 | Tuxilion · first_building Barracks |
| 17:34 | Tuxilion · age_up castle |
| 17:35 | R.I.P · age_up castle |
| 17:41 | Escanor · age_up castle |
| 18:16 | Tuxilion · first_building Castle |
| 18:39 | bicente · age_up castle |
| 19:26 | bicente · first_market_sell 100 food |
| 20:46 | heymaralejandro30 · wall_segment Palisade Wall x11 |
| 21:34 | Escanor · wall_segment Stone Wall x9 |
| 22:08 | Escanor · first_building Monastery |
| 22:43 | gabo2584 · age_up feudal |
| 22:44 | Escanor · first_building Castle |
| 22:51 | bicente · first_building Monastery |
| 24:44 | heymaralejandro30 · age_up castle |
| 24:47 | heymaralejandro30 · first_building Monastery |
| 25:09 | Apócrifo · first_building Siege Workshop |
| 25:11 | Escanor · wall_segment Stone Wall x6 |
| 25:16 | R.I.P · wall_segment Stone Wall x8 |
| 25:17 | Escanor · wall_segment Stone Wall x10 |
| 25:22 | R.I.P · wall_segment Stone Wall x1 |
| 25:37 | bicente · first_building Barracks |
| 25:37 | heymaralejandro30 · first_building Castle |
| 26:08 | Apócrifo · first_building Castle |
| 26:24 | 一艘不靠岸的船 · first_building Castle |
| 26:43 | R.I.P · first_building Siege Workshop |
| 26:48 | 一艘不靠岸的船 · first_building Siege Workshop |
| 27:19 | heymaralejandro30 · first_building Siege Workshop |
| 27:38 | gabo2584 · first_building Barracks |
| 27:54 | bicente · first_building Siege Workshop |
| 28:12 | gabo2584 · age_up castle |
| 28:31 | Escanor · first_building Siege Workshop |
| 28:37 | 一艘不靠岸的船 · first_building Barracks |
| 29:05 | gabo2584 · first_building Castle |
| 30:01 | Apócrifo · age_up imperial |
| 30:02 | Escanor · first_building Barracks |
| 30:15 | bicente · age_up imperial |
| 30:25 | R.I.P · age_up imperial |
| 30:36 | Escanor · first_building Archery Range |
| 30:41 | 一艘不靠岸的船 · first_building Archery Range |
| 30:53 | 一艘不靠岸的船 · age_up imperial |
| 31:15 | 一艘不靠岸的船 · first_building Stable |
| 31:54 | heymaralejandro30 · first_building Barracks |
| 32:40 | gabo2584 · first_building Archery Range |
| 32:49 | heymaralejandro30 · first_building Stable |
| 32:56 | bicente · first_building Stable |
| 33:22 | R.I.P · first_building Castle |
| 34:58 | heymaralejandro30 · age_up imperial |
| 35:19 | Tuxilion · age_up imperial |
| 36:29 | Tuxilion · first_building Archery Range |
| 37:07 | Escanor · age_up imperial |
| 37:46 | Escanor · first_market_sell 500 food |
| 37:49 | Escanor · first_market_buy 100 stone |
| 38:45 | R.I.P · first_market_sell 100 food |
| 39:45 | bicente · first_building Castle |
| 41:33 | R.I.P · wall_segment Stone Wall x2 |
| 42:16 | gabo2584 · first_market_buy 100 food |
| 42:31 | heymaralejandro30 · first_market_sell 100 wood |
| 42:36 | R.I.P · wall_segment Stone Wall x8 |
| 43:46 | gabo2584 · first_building Stable |
| 44:43 | Tuxilion · first_building Siege Workshop |
| 45:33 | gabo2584 · age_up imperial |
| 45:34 | Escanor · resign |
[ ANÁLISIS IA · 1 CRÉDITO ]
¿Qué pasó realmente en esta partida?
Wolo.gg analiza cada decisión: build order, eco, micro, errores típicos por bracket. Análisis personalizado por WhatsApp o Discord en 30 segundos.
Guía civ
Celtas
Guía mapa
Black Forest
Perfil
Apócrifo